Map: [ESL] Solaris

Players

Dark - Winner!

  • Race: Zerg Zerg
  • Spawn Location: 7:00

SKillous

  • Race: Protoss Protoss
  • League: Diamond
  • Spawn Location: 1:00

Event: IEM Katowice 2024

VOD

Have the link to the VOD?

Description

Time

  • Played on: Feb. 10, 2024, 12:53 p.m.
  • Length: 10:36

All games in this series

Show
View Real Time Build Order
Export as new Build Order

Dark Zerg - Winner!

Build Orders: Hatch First, Lurkers, Roach Hydra 

Get SALT Encoding   

  12  0:00  Drone  
  13  0:11  Overlord  
  13  0:18  Drone  
  14  0:30  Drone x2  
  16  0:49  Hatchery  
  15  0:51  Drone  
  15  0:54  Drone  
  17  0:57  Drone  
  18  1:08  Extractor  
  17  1:13  Spawning Pool  
  17  1:15  Drone  
  17  1:19  Drone  
  18  1:27  Drone  
  19  1:38  Drone  
  20  1:50  Drone  
  21  2:00  Queen, Overlord  
  23  2:02  Zergling x2, Queen  
  23  2:08  Metabolic Boost  
  26  2:11  Zergling x2  
  27  2:16  Drone  
  27  2:21  Drone  
  29  2:23  Drone  
  30  2:32  Drone  
  31  2:43  Queen, Hatchery  
  32  2:48  Drone  
  32  2:51  Overlord  
  33  2:53  Drone  
  33  2:56  Drone  
  33  2:58  Drone  
  36  3:04  Overlord  
  36  3:09  Drone  
  36  3:11  Queen  
  39  3:13  Drone  
  39  3:14  Drone  
  39  3:15  Drone  
  42  3:21  Queen  
  42  3:23  Drone  
  45  3:27  Zergling x4  
  45  3:29  Drone  
  45  3:33  Drone x2  
  50  3:43  Overlord  
  50  3:44  Drone x2  
  52  3:50  Overlord  
  52  3:54  Queen  
  54  3:58  Spore Crawler  
  54  3:59  Spore Crawler  
  54  4:00  Queen  
  54  4:02  Drone x3  
  57  4:05  Drone  
  57  4:07  Drone  
  57  4:09  Drone x2  
  61  4:11  Zergling x2  
  62  4:17  Drone x2  
  63  4:25  Drone x6  
  63  4:28  Drone x2  
  71  4:32  Lair  
  71  4:40  Zergling x4  
  71  4:42  Drone  
  74  4:48  Roach Warren, Evolution Chamber  
  74  4:50  Drone x2  
  74  4:51  Extractor  
  73  4:53  Extractor  
  73  4:54  Zergling x4  
  73  4:58  Overlord  
  73  4:59  Spore Crawler, Overlord  
  73  5:01  Overlord  
  73  5:04  Overlord  
  73  5:07  Overlord  
  73  5:09  Drone  
  73  5:10  Overlord  
  73  5:11  Overlord  
  73  5:13  Overlord  
  74  5:15  Zerg Missile Weapons Level 1  
  74  5:18  Zergling x10  
  78  5:26  Zergling x2  
  78  5:27  Zergling x8  
  83  5:31  Glial Reconstitution  
  83  5:34  Roach x3  
  83  5:35  Extractor  
  88  5:40  Zergling x8  
  92  5:46  Drone x3  
  92  5:49  Drone  
  96  5:50  Drone  
  96  5:51  Drone x3  
  96  5:53  Drone  
  101  6:01  Roach x2  
  105  6:06  Drone x2  
  105  6:08  Extractor  
  105  6:09  Hatchery  
  104  6:16  Drone x5  
  108  6:19  Drone x3  
  108  6:20  Hydralisk Den  
  108  6:21  Drone x2  
  108  6:23  Extractor  
  111  6:33  Overlord  
  111  6:34  Overlord  
  111  6:35  Overlord  
  111  6:37  Roach x3  
  111  6:39  Overseer  
  117  6:47  Overlord x2  
  117  6:48  Overlord x3  
  117  6:49  Hydralisk, Grooved Spines  
  117  6:50  Hydralisk  
  117  6:51  Hydralisk  
  117  6:54  Hydralisk  
  123  6:56  Hydralisk  
  127  7:01  Hydralisk x2  
  127  7:04  Hydralisk  
  127  7:05  Hydralisk  
  133  7:10  Zerg Missile Weapons Level 2  
  133  7:12  Hydralisk x2  
  133  7:14  Hydralisk  
  138  7:18  Hydralisk x2  
  142  7:26  Roach x4  
  150  7:30  Zergling x8  
  150  7:34  Drone  
  150  7:35  Hydralisk  
  150  7:36  Infestation Pit  
  156  7:39  Zergling x6  
  156  7:40  Zergling x2  
  160  7:45  Hydralisk x2  
  160  7:48  Drone x3  
  160  7:49  Overseer  
  167  7:54  Drone x2, Muscular Augments  
  167  7:56  Drone x3  
  172  8:01  Spore Crawler  
  171  8:06  Lurker Den  
  170  8:15  Hive  
  170  8:17  Extractor  
  170  8:19  Extractor, Drone x3  
  170  8:27  Drone x2  
  170  8:31  Drone  
  171  8:42  Zergling x24  
  171  8:45  Zergling x24  
  185  9:03  Hydralisk x3  
  185  9:05  Zergling x2  
  185  9:06  Zergling x10  
  195  9:10  Lurker x3  
  162  9:27  Hydralisk x13  
  162  9:30  Seismic Spines  
  184  9:39  Drone  
  184  9:40  Lurker x2  
  184  9:41  Hydralisk  
  189  9:52  Hydralisk x2  
  184  9:58  Lurker x2  
  186  10:00  Hatchery  
  186  10:05  Hydralisk x3  
  186  10:08  Hydralisk  
  186  10:09  Hydralisk  
Show
View Real Time Build Order
Export as new Build Order

SKillous Protoss 

Build Orders: 1 Gate Expand, Oracle Opening, Blink Stalkers 

Get SALT Encoding   

  12  0:00  Probe  
  13  0:12  Probe  
  14  0:19  Pylon  
  14  0:24  Probe  
  15  0:37  Probe (Chrono Boost)  
  15  0:39  Gateway  
  16  0:48  Probe (Chrono Boost)  
  16  0:49  Assimilator  
  17  0:53  Probe (Chrono Boost)  
  18  1:03  Probe  
  19  1:16  Probe  
  20  1:28  Nexus  
  20  1:36  Cybernetics Core  
  20  1:40  Probe  
  21  1:47  Assimilator  
  21  1:53  Probe  
  22  1:59  Pylon  
  22  2:05  Probe  
  23  2:16  Adept  
  23  2:17  Stargate, Probe (Chrono Boost)  
  26  2:27  Warp Gate  
  26  2:29  Probe (Chrono Boost)  
  27  2:34  Probe (Chrono Boost)  
  28  2:41  Probe (Chrono Boost)  
  30  2:46  Stalker  
  30  2:49  Probe (Chrono Boost)  
  33  2:51  Probe (Chrono Boost)  
  33  2:56  Probe x2 (Chrono Boost)  
  35  3:01  Oracle (Chrono Boost)  
  38  3:07  Probe  
  38  3:08  Pylon  
  38  3:09  Probe  
  40  3:15  Gateway  
  40  3:19  Probe  
  41  3:21  Probe  
  41  3:26  Twilight Council  
  42  3:32  Probe  
  42  3:34  Gateway, Probe  
  44  3:44  Probe  
  44  3:45  Gateway  
  44  3:46  Probe  
  46  3:57  Blink (Chrono Boost), Pylon  
  48  4:07  Nexus  
  48  4:08  Probe  
  47  4:10  Probe  
  47  4:15  Adept  
  50  4:17  Adept  
  50  4:20  Probe  
  53  4:24  Probe, Pylon  
  53  4:30  Pylon  
  54  4:32  Assimilator, Probe  
  54  4:36  Probe  
  54  4:38  Stalker  
  58  4:40  Stalker  
  58  4:44  Probe  
  61  4:47  Stalker  
  61  4:49  Assimilator  
  61  4:50  Probe  
  64  4:55  Stalker  
  64  4:58  Pylon  
  66  5:01  Stalker  
  66  5:03  Probe  
  69  5:08  Shield Battery  
  69  5:09  Probe (Chrono Boost)  
  69  5:11  Stalker  
  72  5:15  Probe (Chrono Boost)  
  72  5:17  Stalker  
  72  5:20  Probe (Chrono Boost)  
  77  5:21  Probe (Chrono Boost)  
  77  5:26  Forge  
  77  5:30  Probe x2 (Chrono Boost)  
  77  5:31  Robotics Facility  
  77  5:33  Probe (Chrono Boost)  
  80  5:35  Probe  
  81  5:45  Probe x2  
  81  5:52  Pylon  
  81  5:53  Stalker x3  
  81  5:55  Pylon  
  87  5:57  Protoss Ground Weapons Level 1 (Chrono Boost)  
  87  5:58  Pylon  
  87  6:00  Shield Battery  
  87  6:03  Probe x2  
  87  6:13  Probe  
  87  6:15  Probe  
  87  6:16  Stalker  
  91  6:18  Charge  
  91  6:20  Pylon  
  91  6:21  Probe  
  91  6:24  Assimilator, Robotics Bay  
  91  6:25  Probe  
  93  6:27  Assimilator, Pylon  
  93  6:30  Stalker x2  
  97  6:33  Probe  
  97  6:34  Pylon, Probe  
  97  6:37  Probe  
  100  6:41  Observer (Chrono Boost)  
  100  6:44  Robotics Facility  
  100  6:45  Probe  
  100  6:46  Probe  
  103  6:49  Gateway  
  103  6:50  Gateway  
  103  6:54  Probe  
  104  7:02  Stalker x4  
  112  7:10  Colossus (Chrono Boost)  
  118  7:16  Gateway  
  118  7:17  Gateway  
  118  7:20  Probe  
  119  7:23  Pylon  
  119  7:38  Shield Battery  
  119  7:40  Pylon  
  119  7:42  Gateway, Shield Battery, Forge  
  125  7:44  Disruptor (Chrono Boost)  
  125  7:46  Stalker x4  
  125  7:50  Protoss Ground Weapons Level 2 (Chrono Boost)  
  131  7:59  Pylon, Probe  
  131  8:01  Disruptor (Chrono Boost)  
  140  8:18  Disruptor (Chrono Boost), Probe  
  141  8:21  Protoss Ground Armor Level 1 (Chrono Boost)  
  141  8:22  Nexus  
  141  8:23  Pylon  
  141  8:25  Disruptor (Chrono Boost)  
  145  8:28  Zealot x2, Stalker x2  
  145  8:29  Zealot x2  
  145  8:32  Pylon  
  151  8:46  Zealot, Disruptor  
  157  8:48  Gateway  
  157  8:55  Disruptor  
  157  8:56  Photon Cannon  
  157  8:58  Stalker x4  
  151  9:06  Zealot x3  
  156  9:10  Templar Archives  
  151  9:23  Observer  
  130  9:25  Zealot x4  
  130  9:28  Stalker x3  
  122  9:35  Probe x4  
  126  9:43  Zealot  
  126  9:45  Shield Battery  
  128  9:47  Probe x3  
  128  9:51  Zealot x6  
  141  9:55  Disruptor  
  141  9:56  Disruptor  
  145  10:02  Stalker  
  141  10:09  Zealot  
  128  10:19  Zealot x6  
  118  10:31  Stalker x2  

Tags
 
Add a new tag
Caveats
  • Supply blocks, unpowered buildings, or Contaminate may cause inaccurate times.
  • Supply counts are checked every 10 seconds.